TOP OF THE 1ST |
Hickory Crawdads batting - Pitching for Greenville Drive : RHP Dan Jenkins
|
Pitching: RHP Dan Jenkins
|
|
Batting: RHB Roberto Rodriguez
|
0-0: Ground out 6-3 (Groundball, 6, EV 86.9 MPH)
|
Batting: RHB Danny Murillo
|
0-0: Fly out, F9 (Flyball, 9LD, EV 104.4 MPH)
|
Batting: RHB Dermott Neill
|
0-0: Ball 1-0: Foul Ball, location: 2F 1-1: Called Strike 1-2: Ball 2-2: Ball 3-2: Base on Balls
|
Batting: RHB Jorge Benites
|
0-0: Called Strike 0-1: Foul Ball, location: 2F 0-2: Fly out, F9 (Flyball, 89S, EV 95.0 MPH)
|
Top of the 1st over - 0 runs, 0 hits, 0 errors, 1 left on base; Hickory 0 - Greenville 0 |
BOTTOM OF THE 1ST |
Greenville Drive batting - Pitching for Hickory Crawdads : RHP Jason Williams
|
Pitching: RHP Jason Williams
|
|
Batting: RHB Aukukero Tairi
|
0-0: Called Strike 0-1: Ball 1-1: Foul Ball, location: 2F 1-2: Ball 2-2: Ground out 6-3 (Groundball, 6MS, EV 74.4 MPH)
|
Batting: LHB Kien-lung Zou
|
0-0: Called Strike 0-1: Foul Ball, location: 2F 0-2: Ball 1-2: Ground out 5-3 (Groundball, 56, EV 90.6 MPH)
|
Batting: SHB Salvador Padilla
|
0-0: Ball 1-0: Called Strike 1-1: Foul Ball, location: 2F 1-2: Foul Ball, location: 2F 1-2: Foul Ball, location: 2F 1-2: SINGLE (Groundball, 4MD, EV 107.5 MPH)
|
Batting: SHB Matsudaira Ikeda
|
0-0: Ball 1-0: Ball 2-0: Called Strike Salvador Padilla is caught stealing 2nd base 2-6
|
Bottom of the 1st over - 0 runs, 1 hit, 0 errors, 0 left on base; Hickory 0 - Greenville 0 |
TOP OF THE 2ND |
Hickory Crawdads batting - Pitching for Greenville Drive : RHP Dan Jenkins
|
Batting: SHB Todd Hewitt
|
0-0: Called Strike 0-1: Ball 1-1: Foul Ball, location: 2F 1-2: Ball 2-2: Ball 3-2: Base on Balls
|
Batting: RHB Bill Turnbull
|
0-0: Foul Ball, location: 2F 0-1: Foul Ball, location: 2F 0-2: Ball 1-2: Fly out, F9 (Flyball, 9D, EV 103.1 MPH)
|
Batting: RHB Shoh Tanioka
|
0-0: Fielders Choice at 2nd, 5-4 (Groundball, 56, EV 79.4 MPH)
|
Batting: RHB Aaron Graham
|
0-0: Ball Shoh Tanioka is caught stealing 2nd base 2-4
|
Top of the 2nd over - 0 runs, 0 hits, 0 errors, 0 left on base; Hickory 0 - Greenville 0 |
BOTTOM OF THE 2ND |
Greenville Drive batting - Pitching for Hickory Crawdads : RHP Jason Williams
|
Batting: SHB Matsudaira Ikeda
|
0-0: Ball 1-0: Ball 2-0: Reached on error, E1 (Groundball, 15S, EV 66.2 MPH)
|
Batting: RHB Alex Cardenas
|
0-0: Foul Ball, location: 2F 0-1: Ball 1-1: Called Strike 1-2: Ground out 5-3 (Groundball, 56S, EV 88.8 MPH)
|
Batting: LHB Robert Gonzalez
|
0-0: Ball 1-0: Ball 2-0: Called Strike 2-1: Ball 3-1: Called Strike 3-2: Strikes out swinging
|
Batting: RHB Mario Arriero
|
0-0: SINGLE (Groundball, 56D, EV 100.0 MPH) Matsudaira Ikeda to third Runner from 3rd tries for Home, throw by LF and OUT! 7-2
|
Bottom of the 2nd over - 0 runs, 1 hit, 1 error, 1 left on base; Hickory 0 - Greenville 0 |
TOP OF THE 3RD |
Hickory Crawdads batting - Pitching for Greenville Drive : RHP Dan Jenkins
|
Batting: RHB Aaron Graham
|
0-0: Ball 1-0: Called Strike 1-1: Foul Ball, location: 2F 1-2: Ball 2-2: Foul Ball, location: 2F 2-2: Fly out, F8 (Flyball, 8RD, EV 91.9 MPH)
|
Batting: RHB Eduardo Chavez
|
0-0: Ball 1-0: Called Strike 1-1: Ball 2-1: Ball 3-1: Called Strike 3-2: Ground out 5-3 (Groundball, 56S, EV 65.6 MPH)
|
Batting: RHB Roberto Rodriguez
|
0-0: Called Strike 0-1: Foul Ball, location: 2F 0-2: Ground out 4-3 (Groundball, 4, EV 88.1 MPH)
|
Top of the 3rd over - 0 runs, 0 hits, 0 errors, 0 left on base; Hickory 0 - Greenville 0 |
BOTTOM OF THE 3RD |
Greenville Drive batting - Pitching for Hickory Crawdads : RHP Jason Williams
|
Batting: RHB Matt Parker
|
0-0: Called Strike 0-1: Ball 1-1: Ball 2-1: SINGLE (Groundball, 6MS, EV 70.0 MPH) (infield hit)
|
Batting: RHB Josh Smith
|
0-0: Called Strike 0-1: Foul Ball, location: 2F 0-2: Ball 1-2: Foul Ball, location: 2F 1-2: Hit by Pitch Matt Parker to second
|
Batting: RHB Aukukero Tairi
|
0-0: Ball 1-0: Swinging Strike 1-1: Ball 2-1: Swinging Strike 2-2: Strikes out looking
|
Batting: LHB Kien-lung Zou
|
0-0: Foul Ball, location: 2F 0-1: Ball 1-1: Ball 2-1: Swinging Strike 2-2: Ball Passed Ball! Matt Parker to third Josh Smith to second 3-2: Foul Ball, location: 2F 3-2: Foul Ball, location: 2F 3-2: Foul Ball, location: 2F 3-2: Strikes out swinging
|
Batting: SHB Salvador Padilla
|
0-0: Called Strike 0-1: SINGLE (Groundball, 25, EV 68.8 MPH) (infield hit) Matt Parker scores Josh Smith to third
|
Batting: SHB Matsudaira Ikeda
|
0-0: Called Strike Salvador Padilla steals 2nd, throwing error, E2 Josh Smith scores Salvador Padilla to third 0-1: Ball 1-1: Called Strike 1-2: Ball 2-2: Ground out 4-3 (Groundball, 4, EV 87.5 MPH)
|
Bottom of the 3rd over - 2 runs, 2 hits, 1 error, 1 left on base; Hickory 0 - Greenville 2 |
TOP OF THE 4TH |
Hickory Crawdads batting - Pitching for Greenville Drive : RHP Dan Jenkins
|
Batting: RHB Danny Murillo
|
0-0: Foul Ball, location: 2F 0-1: Foul Ball, location: 2F 0-2: Strikes out looking
|
Batting: RHB Dermott Neill
|
0-0: Swinging Strike 0-1: Swinging Strike 0-2: Ball 1-2: Strikes out looking
|
Batting: RHB Jorge Benites
|
0-0: Ball 1-0: Foul Ball, location: 2F 1-1: SOLO HOME RUN (Flyball, 7D, EV 109.4 MPH), Distance : 399 ft
|
Batting: SHB Todd Hewitt
|
0-0: Foul Ball, location: 2F 0-1: Ball 1-1: Ball 2-1: SINGLE (Line Drive, 7LS, EV 99.4 MPH)
|
Batting: RHB Bill Turnbull
|
0-0: Called Strike Todd Hewitt steals 2nd base 0-1: Fly out, F7 (Flyball, 7, EV 91.9 MPH)
|
Top of the 4th over - 1 run, 2 hits, 0 errors, 1 left on base; Hickory 1 - Greenville 2 |
BOTTOM OF THE 4TH |
Greenville Drive batting - Pitching for Hickory Crawdads : RHP Jason Williams
|
Batting: RHB Alex Cardenas
|
0-0: Swinging Strike 0-1: Ball 1-1: Ball 2-1: Foul Ball, location: 2F 2-2: Strikes out swinging
|
Batting: LHB Robert Gonzalez
|
0-0: Called Strike 0-1: Called Strike 0-2: Strikes out swinging
|
Batting: RHB Mario Arriero
|
0-0: Reached via error on a dropped throw from 1B, E1 (Groundball, 34D, EV 88.8 MPH)
|
Batting: RHB Matt Parker
|
0-0: Swinging Strike 0-1: Called Strike Mario Arriero is caught stealing 2nd base 2-4
|
Bottom of the 4th over - 0 runs, 0 hits, 1 error, 0 left on base; Hickory 1 - Greenville 2 |
TOP OF THE 5TH |
Hickory Crawdads batting - Pitching for Greenville Drive : RHP Dan Jenkins
|
Batting: RHB Shoh Tanioka
|
0-0: Ball 1-0: Ball 2-0: Ball 3-0: Foul Ball, location: 2F 3-1: Base on Balls
|
Batting: RHB Aaron Graham
|
0-0: Called Strike 0-1: Foul Ball, location: 2F 0-2: Ball 1-2: Foul Ball, location: 2F 1-2: Ball 2-2: Strikes out looking
|
Batting: RHB Eduardo Chavez
|
0-0: Called Strike 0-1: Ball 1-1: Foul Ball, location: 2F 1-2: Strikes out looking
|
Batting: RHB Roberto Rodriguez
|
0-0: Ball Shoh Tanioka steals 2nd base 1-0: Called Strike 1-1: Ball 2-1: Ball 3-1: Base on Balls
|
Batting: RHB Danny Murillo
|
0-0: Fielders Choice at 2nd, 5-4 (Groundball, 5, EV 103.8 MPH)
|
Top of the 5th over - 0 runs, 0 hits, 0 errors, 2 left on base; Hickory 1 - Greenville 2 |
BOTTOM OF THE 5TH |
Greenville Drive batting - Pitching for Hickory Crawdads : RHP Jason Williams
|
Batting: RHB Matt Parker
|
0-0: Called Strike 0-1: Ball 1-1: Foul Ball, location: 2F 1-2: Foul Ball, location: 2F 1-2: Ball 2-2: Foul Ball, location: 2F 2-2: Ball 3-2: Base on Balls
|
Batting: RHB Josh Smith
|
0-0: Called Strike Matt Parker steals 2nd base (no throw) 0-1: Ball 1-1: Foul Ball, location: 2F 1-2: Fly out, F7 (Line Drive, 7, EV 106.2 MPH)
|
Batting: RHB Aukukero Tairi
|
0-0: Ground out 6-3 (Groundball, 6, EV 94.4 MPH) Matt Parker to third
|
Batting: LHB Kien-lung Zou
|
0-0: Called Strike 0-1: Foul Ball, location: 2F 0-2: Ball 1-2: Fly out, F8 (Line Drive, 8RD, EV 83.8 MPH)
|
Bottom of the 5th over - 0 runs, 0 hits, 0 errors, 1 left on base; Hickory 1 - Greenville 2 |
TOP OF THE 6TH |
Hickory Crawdads batting - Pitching for Greenville Drive : RHP Dan Jenkins
|
Batting: RHB Dermott Neill
|
0-0: Called Strike 0-1: Fly out, F8 (Flyball, 78S, EV 74.4 MPH)
|
Batting: RHB Jorge Benites
|
0-0: Called Strike 0-1: Ground out 4-3 (Groundball, 4, EV 83.1 MPH)
|
Batting: SHB Todd Hewitt
|
0-0: Fly out, F6 (Popup, 4S, EV 88.1 MPH)
|
Top of the 6th over - 0 runs, 0 hits, 0 errors, 0 left on base; Hickory 1 - Greenville 2 |
BOTTOM OF THE 6TH |
Greenville Drive batting - Pitching for Hickory Crawdads : RHP Jason Williams
|
Batting: SHB Salvador Padilla
|
0-0: Called Strike 0-1: Ball 1-1: Called Strike 1-2: Strikes out looking
|
Batting: SHB Matsudaira Ikeda
|
0-0: Ground out 6-3 (Groundball, 6, EV 107.5 MPH)
|
Batting: RHB Alex Cardenas
|
0-0: Ball 1-0: Foul Ball, location: 2F 1-1: Ball 2-1: Ball 3-1: Foul Ball, location: 2F 3-2: Foul Ball, location: 2F 3-2: Ground out 5-3 (Groundball, 56S, EV 82.5 MPH)
|
Bottom of the 6th over - 0 runs, 0 hits, 0 errors, 0 left on base; Hickory 1 - Greenville 2 |
TOP OF THE 7TH |
Hickory Crawdads batting - Pitching for Greenville Drive : RHP Dan Jenkins
|
Batting: RHB Bill Turnbull
|
0-0: Called Strike 0-1: Ball 1-1: Foul Ball, location: 2F 1-2: Strikes out swinging
|
Pinch Hitting: LHB Jose Chinchilla
|
0-0: Ball 1-0: Foul Ball, location: 2F 1-1: Ground out U3 (Groundball, 3S, EV 84.4 MPH)
|
Batting: RHB Aaron Graham
|
0-0: Foul Ball, location: 2F 0-1: Ball 1-1: Swinging Strike 1-2: Fly out, F8 (Flyball, 8LXD, EV 100.6 MPH)
|
Top of the 7th over - 0 runs, 0 hits, 0 errors, 0 left on base; Hickory 1 - Greenville 2 |
BOTTOM OF THE 7TH |
Greenville Drive batting - Pitching for Hickory Crawdads : RHP Jason Williams
|
Now at 3B: Jose Chinchilla
|
|
Batting: LHB Robert Gonzalez
|
0-0: Ball 1-0: Foul Ball, location: 2F 1-1: Foul Ball, location: 2F 1-2: Ball 2-2: Strikes out swinging
|
Batting: RHB Mario Arriero
|
0-0: Ball 1-0: Called Strike 1-1: Ball 2-1: Swinging Strike 2-2: Foul Ball, location: 2F 2-2: SINGLE (Groundball, 56D, EV 109.4 MPH) (infield hit)
|
Batting: RHB Matt Parker
|
0-0: Swinging Strike 0-1: SINGLE (Groundball, 6MD, EV 106.9 MPH) Mario Arriero to second
|
Pinch Runner at 2nd Carlos Guerra:
|
|
Batting: RHB Josh Smith
|
0-0: Ball Wild Pitch! Carlos Guerra to third Matt Parker to second 1-0: Ball 2-0: Called Strike 2-1: Ball 3-1: Ground out 4-3 (Groundball, 4M, EV 86.9 MPH)
|
Batting: RHB Aukukero Tairi
|
0-0: Ball 1-0: Foul Ball, location: 2F 1-1: Ball 2-1: Foul Ball, location: 2F 2-2: SINGLE (Groundball, 6D, EV 94.4 MPH) Carlos Guerra scores Matt Parker to third Runner from 3rd tries for Home, SAFE, throw by CF to home Aukukero Tairi to second
|
Pitching: RHP Steffen Joseph
|
|
Batting: LHB Kien-lung Zou
|
0-0: Called Strike 0-1: Foul Ball, location: 2F 0-2: Ball 1-2: Fly out, F9 (Flyball, 9LS, EV 78.1 MPH)
|
Bottom of the 7th over - 2 runs, 3 hits, 0 errors, 1 left on base; Hickory 1 - Greenville 4 |
TOP OF THE 8TH |
Hickory Crawdads batting - Pitching for Greenville Drive : RHP Dan Jenkins
|
Pitching: RHP Paul Carter
|
|
Now in LF: Carlos Guerra
|
|
Pinch Hitting: LHB Alfonso Collazo
|
0-0: Called Strike 0-1: Ball 1-1: Foul Ball, location: 2F 1-2: Strikes out swinging
|
Pinch Hitting: LHB Matt Sigurdson
|
0-0: Ball 1-0: Foul Ball, location: 2F 1-1: Fly out, F9 (Flyball, 9D, EV 101.2 MPH)
|
Batting: RHB Danny Murillo
|
0-0: SINGLE (Line Drive, 8LS, EV 109.4 MPH)
|
Batting: RHB Dermott Neill
|
0-0: Called Strike 0-1: Called Strike 0-2: Ball 1-2: Strikes out swinging
|
Top of the 8th over - 0 runs, 1 hit, 0 errors, 1 left on base; Hickory 1 - Greenville 4 |
BOTTOM OF THE 8TH |
Greenville Drive batting - Pitching for Hickory Crawdads : RHP Steffen Joseph
|
Now at SS: Dennis Daniels
|
|
Now in RF: Alfonso Collazo
|
|
Batting: SHB Salvador Padilla
|
0-0: Called Strike 0-1: Swinging Strike 0-2: Strikes out swinging
|
Batting: SHB Matsudaira Ikeda
|
0-0: Ball 1-0: Swinging Strike 1-1: Called Strike 1-2: Strikes out swinging
|
Batting: RHB Alex Cardenas
|
0-0: Fly out, F9 (Line Drive, 9, EV 86.2 MPH)
|
Bottom of the 8th over - 0 runs, 0 hits, 0 errors, 0 left on base; Hickory 1 - Greenville 4 |
TOP OF THE 9TH |
Hickory Crawdads batting - Pitching for Greenville Drive : RHP Paul Carter
|
Batting: RHB Jorge Benites
|
0-0: Called Strike 0-1: Ball 1-1: Called Strike 1-2: Strikes out looking
|
Batting: SHB Todd Hewitt
|
0-0: Ball 1-0: Foul Ball, location: 2F 1-1: Foul Ball, location: 2F 1-2: Ball 2-2: Foul Ball, location: 2F 2-2: Fly out, F7 (Flyball, 7, EV 77.5 MPH)
|
Batting: RHB Bill Turnbull
|
0-0: Ball 1-0: Foul Ball, location: 2F 1-1: SINGLE (Groundball, 4MD, EV 98.1 MPH)
|
Batting: LHB Jose Chinchilla
|
0-0: Ball Passed Ball! Bill Turnbull to second 1-0: Ball 2-0: Called Strike 2-1: Ball 3-1: SINGLE (Flyball, 8RS, EV 95.6 MPH) Bill Turnbull to third
|
Batting: RHB Aaron Graham
|
0-0: Ball 1-0: Foul Ball, location: 2F 1-1: DOUBLE (Line Drive, 9LD, EV 108.8 MPH) Bill Turnbull scores Jose Chinchilla to third
|
Pinch Runner at 2nd Mike Thornton:
|
|
Batting: LHB Alfonso Collazo
|
0-0: Ground out 4-3 (Groundball, 34, EV 84.4 MPH)
|
Top of the 9th over - 1 run, 3 hits, 0 errors, 2 left on base; Hickory 2 - Greenville 4 |
|